 Dungeon Crawl Stone Soup version 0.21.0-3-g78d12a8 (webtiles) character file.

5094 Inarius the Frost Mage (level 10, -7/71 (72) HPs)
             Began as a Grey Draconian Ice Elementalist on Jan 11, 2018.
             Was a Follower of Hepliaklqana.
             Mangled by an orc warlord
             ... wielding a +0 war axe
              (33 damage)
             ... in a bailey.
             The game lasted 00:32:17 (10518 turns).

Inarius the Frost Mage (DrIE)                      Turns: 10518, Time: 00:32:18

HP:   -7/71 (72)    AC: 12    Str: 15    XL:     10   Next: 32%
MP:   0/20          EV: 15    Int: 19    God:    Hepliaklqana [*.....]
Gold: 402           SH:  0    Dex: 14    Spells: 10/22 levels left

rFire    . . .     SeeInvis .   C - +2 mace (protect)
rCold    . . .     Gourm    .   (no shield)
rNeg     + . .     Faith    .   (armour unavailable)
rPois    .         Spirit   +   (helmet restricted)
rElec    .         Reflect  .   l - scarf {Spirit}
rCorr    .         Harm     .   (no gloves)
MR       .....                  (no boots)
Stlth    ++........             i - amulet of regeneration
HPRegen  0.61/turn              r - +2 ring of dexterity
MPRegen  0.17/turn              B - ring of positive energy

@: mighty, berserk cooldown, very slightly contaminated, hasted and slowed
A: walk through water, unfitting armour, reduced essence, unbreathing,
cold-blooded, AC +12
a: Recall Ancestor, Ancestor Identity, Renounce Religion


You were in a bailey.
You worshipped Hepliaklqana.
Hepliaklqana was aware of your devotion.
You were not hungry.

You visited 2 branches of the dungeon, and saw 10 of its levels.
You also visited: Bailey.

You collected 402 gold pieces.

Inventory:

Hand Weapons
 u - a +0 dagger of venom
 x - a +0 dagger of holy wrath
 C - a +2 mace of protection (weapon)
Armour
 l - a scarf of spirit shield (worn)
Jewellery
 c - an uncursed ring of protection from cold
 i - an amulet of regeneration (around neck)
 r - a +2 ring of dexterity (left hand)
 B - a ring of positive energy (right hand)
Wands
 s - a wand of disintegration (13)
Scrolls
 e - a scroll of immolation
 f - 2 scrolls of blinking {unknown}
 g - 3 scrolls of enchant weapon {unknown}
 h - 5 scrolls of remove curse
 j - 2 scrolls of fog {unknown}
 k - 2 scrolls of enchant armour {unknown}
 n - 3 scrolls of teleportation {unknown}
 o - a scroll of random uselessness {unknown}
 p - a scroll of amnesia {unknown}
 y - a scroll of brand weapon {unknown}
 D - a scroll of vulnerability {unknown}
Potions
 d - 3 potions of brilliance
 m - a potion of curing
 t - 2 potions of heal wounds {unknown}
 w - a potion of mutation
 A - a potion of haste
 E - a potion of resistance {unknown}
Comestibles
 b - 14 rations


   Skills:
 + Level 5.5 Fighting
 - Level 1.7 Maces & Flails
 - Level 5.0 Dodging
 - Level 1.7 Stealth
 + Level 6.8 Spellcasting
 + Level 4.1 Conjurations
 + Level 2.7 Charms
 * Level 3.0 Summonings
 * Level 9.8 Ice Magic


You had 10 spell levels left.
You knew the following spells:

 Your Spells              Type           Power        Failure   Level  Hunger
a - Freeze                Ice            ####         1%          1    None
b - Ozocubu's Armour      Chrm/Ice       ####....     2%          3    #......
c - Throw Icicle          Conj/Ice       ####....     6%          4    ###....
d - Summon Ice Beast      Ice/Summ       ####....     7%          4    ###....


Dungeon Overview and Level Annotations

Branches:
Dungeon (9/15)             Temple (1/1) D:7             Orc (0/2) D:9
   Lair: D:8-11

Altars:
Ashenzari
Cheibriados
Gozag
Hepliaklqana
Makhleb
Nemelex Xobeh
Okawaru
Qazlal
Ru
Uskayaw
Vehumet
Yredelemnul
Zin
The Shining One


Innate Abilities, Weirdness & Mutations

You can walk through water.
Your dull iron-grey scales are very hard. (AC +12)
You cannot fit into any form of body armour.
You can survive without breathing.
You are cold-blooded and may be slowed by cold attacks.
Your life essence is reduced to manifest your ancestor. (-10% HP)


Message History

The orc warlord is severely wounded.
The goblin misses you.
The orc warlord hits you with a war axe!
Casting: Freeze
Confirm with . or Enter, or press ? or * to list all spells.
Aiming: Freeze
Press: ? - help, Shift-Dir - straight line, f/p - orc warlord
Aim: an orc warlord, wielding a war axe and wearing a ring mail (severely wounded)
You freeze the orc warlord.
The orc warlord is severely wounded.
The goblin closely misses you.
Casting: Freeze
Confirm with . or Enter, or press ? or * to list all spells.
Aiming: Freeze
Press: ? - help, Shift-Dir - straight line, f/p - orc warlord
Aim: an orc warlord, wielding a war axe and wearing a ring mail (severely wounded)
You freeze the orc warlord.
The orc warlord is severely wounded.
The orc warlord hits you with a war axe!!
You die...

##### ##### ##...## ##...##
##.....## ##.....##
##.......#######.......##
#..8..8..)........8..8..##
.........)...............#
.........)....)g@........#
...8......#'''#o.....8...#
#......####≈≈≈####......##
##.....#≈≈≈≈≈≈≈≈≈#.....##♣
.##....#≈.8...8.≈#....##.♣
..###'###.......###'###..♣♣
..≈≈≈.#≈≈.8...8.≈≈#.≈≈≈...♣
..≈≈≈(#≈.........≈#.≈≈≈(..♣♣
..≈≈≈(#≈....∩....≈#.≈≈≈...∩♣


You could see an orc warlord and a goblin.

Vanquished Creatures
  An orc knight (Bailey)
  The ghost of ahub the Cutter, a novice TrAs (D:4)
  A hungry ghost (D:7)
  A water moccasin (D:8)
  An ice beast (D:4)
  2 orc warriors
  A necrophage (D:6)
  7 ogres
  2 centaurs (D:6)
  7 bullfrogs
  2 scorpions (D:6)
  A howler monkey (D:5)
  3 crimson imps
  A centaur zombie (D:5)
  A quasit (D:6)
  2 jellies
  A centaur skeleton (D:4)
  6 orc priests
  7 hounds
  5 orc wizards
  A bullfrog skeleton (D:7)
  2 iguanas
  4 worker ants
  2 hound skeletons
  A gnoll (Bailey)
  15 adders
  2 shadow imps
  An adder zombie (D:5)
  2 worms
  2 adder skeletons
  3 dart slugs
  A leopard gecko (D:3)
  30 orcs
  2 bats (D:1)
  3 giant cockroaches
  8 goblins
  8 hobgoblins
  5 jackals
  2 quokkas
  A ball python (D:4)
  2 gnoll zombies (D:3)
  18 kobolds
  A leopard gecko skeleton (D:5)
  6 rats
175 creatures vanquished.

Vanquished Creatures (collateral kills)
  A two-headed ogre (D:9)
  A hungry ghost (D:8)
  2 ice beasts
  An orc warrior (D:8)
  A water moccasin zombie (D:8)
  A jelly (D:7)
  An orc priest (D:8)
  A gnoll (Bailey)
  2 orcs (D:8)
  2 goblins
  A hobgoblin (Bailey)
  A kobold (Bailey)
15 creatures vanquished.

Vanquished Creatures (others)
  5 ancestors
  5 plants (D:8)
10 creatures vanquished.

Grand Total: 200 creatures vanquished

Notes
Turn   | Place    | Note
-------+----------+-------------------------------------------
     0 | D:1      | Inarius the Draconian Ice Elementalist began the quest for the Orb.
     0 | D:1      | Reached XP level 1. HP: 14/14 MP: 3/3
   350 | D:1      | Reached XP level 2. HP: 20/20 MP: 1/5
   571 | D:1      | You fall through a shaft!
   979 | D:2      | Reached skill level 4 in Ice Magic
   979 | D:2      | Reached XP level 3. HP: 26/26 MP: 2/6
   985 | D:2      | Learned a level 3 spell: Ozocubu's Armour
  1196 | D:2      | Reached skill level 1 in Fighting
  1470 | D:2      | Reached XP level 4. HP: 14/35 MP: 0/7
  2258 | D:3      | Learned a level 4 spell: Throw Icicle
  2653 | D:3      | Found a basalt altar of Yredelemnul.
  2792 | D:4      | Noticed an ogre
  2840 | D:3      | Reached XP level 5. HP: 6/40 MP: 0/9
  3116 | D:3      | Reached skill level 5 in Ice Magic
  3195 | D:3      | Reached skill level 1 in Charms
  3512 | D:4      | Noticed an ice beast
  3562 | D:4      | Noticed ahub's ghost (novice TrAs)
  3760 | D:5      | Entered Level 5 of the Dungeon
  3858 | D:5      | Noticed an ogre
  4021 | D:4      | Reached XP level 6. HP: 35/47 MP: 5/10
  4731 | D:4      | Reached skill level 6 in Ice Magic
  4731 | D:4      | Your scales start taking on a dull iron-grey colour.
  4731 | D:4      | Reached XP level 7. HP: 52/52 MP: 3/12
  4731 | D:4      | Gained mutation: You can survive without breathing. [Grey Draconian growth]
  4901 | D:5      | Found a sacrificial altar of Ru.
  5614 | D:5      | Reached XP level 8. HP: 48/60 MP: 2/15
  5978 | D:6      | Reached skill level 7 in Ice Magic
  6141 | D:6      | Reached skill level 5 in Spellcasting
  6855 | D:6      | Reached skill level 8 in Ice Magic
  7129 | D:6      | Reached XP level 9. HP: 59/67 MP: 4/17
  7439 | D:4      | Killed ahub's ghost
  7439 | D:4      | Reached skill level 1 in Maces & Flails
  7667 | D:7      | Reached skill level 5 in Dodging
  7811 | D:7      | Noticed a freezing wraith
  8320 | D:7      | Found a staircase to the Ecumenical Temple.
  8334 | Temple   | Entered the Ecumenical Temple
  8377 | Temple   | Became a worshipper of Hepliaklqana the Forgotten
  8479 | D:7      | Learned a level 4 spell: Summon Ice Beast
  8762 | D:8      | Reached skill level 1 in Summonings
  8762 | D:8      | Reached skill level 9 in Ice Magic
  9018 | D:8      | Reached skill level 5 in Fighting
  9665 | D:9      | Noticed a two-headed ogre
  9670 | D:9      | Killed a two-headed ogre
  9670 | D:9      | Reached XP level 10. HP: 71/71 MP: 1/19
  9720 | D:9      | Reached * piety under Hepliaklqana
  9733 | D:9      | Found a flagged portal.
  9748 | Bailey   | Entered a bailey
  9774 | Bailey   | Noticed an orc warlord
  9954 | Bailey   | Noticed an orc knight
 10003 | Bailey   | Killed an orc knight
 10119 | Bailey   | Found a runed gate.
 10120 | Bailey   | Found a runed gate.
 10121 | Bailey   | Found a runed gate.
 10518 | Bailey   | Mangled by an orc warlord

Skill      XL: |  1  2  3  4  5  6  7  8  9 10 |
---------------+-------------------------------+-----
Ice Magic      | 4 5 6 8 9 |  9.8
Fighting       | 1 2 5 |  5.5
Dodging        | 2 3 4 5 |  5.0
Spellcasting   | 3 4 5 6 |  6.8
Charms         | 1 2 |  2.7
Conjurations   | 2 3 4 |  4.1
Maces & Flails | 1 |  1.7
Summonings     | 2 3 |  3.0
Stealth        | |  1.7

Action                   |  1- 3 |  4- 6 |  7- 9 | 10-12 || total
-------------------------+-------+-------+-------+-------++-------
Melee: Unarmed           |     2 |       |       |       ||     2
       Dagger            |    14 |    81 |    69 |       ||   164
       Tailslap          |     1 |    12 |    53 |    11 ||    77
       Hand axe          |       |     2 |   116 |       ||   118
       Mace              |       |       |   232 |    75 ||   307
 Cast: Freeze            |    43 |    76 |    54 |     6 ||   179
       Ozocubu's Armour  |       |     2 |    17 |     3 ||    22
       Throw Icicle      |       |       |    28 |    21 ||    49
Invok: Ancestor Identity |       |       |     1 |       ||     1
  Use: Scroll            |       |       |    13 |     1 ||    14
       Potion            |       |       |       |     5 ||     5
 Stab: Sleeping          |     3 |     1 |     7 |       ||    11
       Distracted        |       |       |     2 |     1 ||     3
       Invisible         |       |       |       |     3 ||     3
  Eat: Chunk             |     2 |    11 |    18 |     5 ||    36
       Ration            |       |       |     2 |     1 ||     3
Armor: Skin              |    14 |    42 |   222 |    31 ||   309
Dodge: Dodged            |    22 |   102 |   400 |   102 ||   626
